[Event "Team 45 45 League T51"]
[Site "Internet Chess Club"]
[Date "2011.11.12"]
[Round "1"]
[White "egyptiantiger"]
[Black "filiusdextris"]
[Result "1-0"]
[WhiteElo "2172"]
[BlackElo "2070"]
[Opening "Modern defense"]
[ECO "A40"]
[Time "16:30:27"]
[TimeControl "2700+45"]

1. d4 g6 2. c4 Bg7 3. Nf3 d6 4. Nc3 Nc6 5. h3 e5 6. Bg5 f6 7. Bh4 Nh6 8. dxe5
Nxe5 9. Nxe5 dxe5 10. Qxd8+ Kxd8 11. O-O-O+ Bd7 12. g4 Nf7 13. Bg2 c6 14. Ne4
Ke7 15. Nxf6 Bxf6 16. Bxf6+ Kxf6 17. Rxd7 Rab8 18. h4 Ke6 19. Rhd1 Rhd8 20. g5
{Black resigns} 1-0

[Event "Team 45 45 League T51"]
[Site "Internet Chess Club"]
[Date "2011.11.11"]
[Round "1"]
[White "easycure"]
[Black "AugustoCaruso"]
[Result "1/2-1/2"]
[WhiteElo "2392"]
[BlackElo "2173"]
[Opening "Dutch: classical variation"]
[ECO "A96"]
[Time "15:00:35"]
[TimeControl "2700+45"]

1. d4 e6 2. c4 f5 3. g3 Nf6 4. Bg2 Be7 5. Nf3 d6 6. O-O O-O 7. b3 a5 8. a3 Qe8
9. Bb2 Qh5 10. Nc3 Nbd7 11. Re1 Ne4 12. Qc2 Ndf6 13. h3 Nxc3 14. Bxc3 Ne4 15.
Bb2 Bf6 16. Rac1 b6 17. Nd2 Bb7 18. Nxe4 Bxe4 19. Bxe4 fxe4 20. Qxe4 Qxh3 21.
Qg2 Qg4 22. Rcd1 Rae8 23. Qf3 Qg6 24. Qc6 Re7 25. Rd2 Ref7 26. Rf1 Bg5 27. Rd3
Qh5 28. Qe4 Rf6 29. f4 Bh6 30. Rdf3 d5 31. Qe5 Qf7 32. a4 Rf5 33. Qe3 g5 34.
fxg5 Bxg5 35. Qd3 c6 36. Ba3 Re8 37. Bd6 Qg6 38. Kg2 Bf6 39. Bf4 Bg7 40. e4 Rf7
41. Re1 Ref8 42. exd5 exd5 43. cxd5 cxd5 44. Qxg6 hxg6 45. Rd3 Rf5 46. Kh3 Kf7
47. Kg4 Rc8 48. Bg5 Rc7 49. Re2 Bf6 50. Bxf6 Kxf6 51. Rde3 Rg5+ 52. Kf3 Rf5+ 53.
Kg4 Rg5+ 54. Kf3 Rf5+ 55. Kg4 {Game drawn by repetition} 1/2-1/2

[Event "Team 45 45 League T51"]
[Site "Internet Chess Club"]
[Date "2011.11.13"]
[Round "1"]
[White "QueensCounselor"]
[Black "Horoblitz"]
[Result "1/2-1/2"]
[WhiteElo "2137"]
[BlackElo "2161"]
[Opening "Nimzo-Indian: classical variation"]
[ECO "E32"]
[Time "10:10:00"]
[TimeControl "2700+45"]

1. d4 Nf6 2. c4 e6 3. Nc3 Bb4 4. Qc2 O-O 5. a3 Bxc3+ 6. Qxc3 b6 7. Bg5 Bb7 8. f3
h6 9. Bh4 d5 10. e3 Nbd7 11. cxd5 Nxd5 12. Bxd8 Nxc3 13. Be7 Rfe8 14. Bh4 Nd5
15. Bf2 Rac8 16. Bd3 c5 17. Bb5 Bc6 18. Ba6 Rcd8 19. e4 Nc7 20. Bc4 cxd4 21.
Bxd4 e5 22. Be3 Bb5 23. Bxb5 Nxb5 24. Ne2 Nf8 25. O-O Rd3 26. Kf2 Red8 27. Rac1
Ne6 28. Rc2 Nbd4 29. Nxd4 exd4 30. Bc1 Rb3 31. Rd1 a5 32. Rc4 Nc5 33. Ke2 Ne6
34. Rd3 Rb5 35. b4 axb4 36. axb4 Ra8 37. Ra3 Rxa3 38. Bxa3 Rh5 39. h3 Rg5 40. g4
Re5 41. Bb2 Nf4+ 42. Kd2 Nxh3 43. Bxd4 Re6 44. Rc8+ Kh7 45. Rb8 Ng5 46. Ke3 Rc6
47. Rxb6 Rc4 48. f4 Ne6 49. Be5 Rc1 50. b5 Re1+ 51. Kf3 Rf1+ 52. Ke2 Rg1 53. Kf3
{Game drawn by mutual agreement} 1/2-1/2

[Event "Team 45 45 League T51"]
[Site "Internet Chess Club"]
[Date "2011.11.11"]
[Round "1"]
[White "jorobo"]
[Black "PandorasBox"]
[Result "1/2-1/2"]
[WhiteElo "1952"]
[BlackElo "1962"]
[Opening "French: Tarrasch, closed variation"]
[ECO "C05"]
[Time "03:30:43"]
[TimeControl "2700+45"]

1. e4 e6 2. d4 d5 3. Nd2 Nf6 4. e5 Nfd7 5. Bd3 c5 6. c3 Nc6 7. Ne2 f6 8. exf6
Nxf6 9. O-O cxd4 10. cxd4 Bd6 11. Nf3 O-O 12. Bf4 Bxf4 13. Nxf4 Ne4 14. g3 Qf6
15. Be2 g5 {Game drawn by mutual agreement} 1/2-1/2

[Event "Team 45 45 League T51"]
[Site "Internet Chess Club"]
[Date "2011.11.13"]
[Round "1"]
[White "Uwak"]
[Black "HiddenDeath"]
[Result "0-1"]
[WhiteElo "2413"]
[BlackElo "1964"]
[Opening "Ruy Lopez: closed, center attack"]
[ECO "C84"]
[Time "20:00:50"]
[TimeControl "2700+45"]

1. e4 e5 2. Nf3 Nc6 3. Bb5 a6 4. Ba4 Nf6 5. O-O Be7 6. d4 O-O 7. Re1 exd4 8. e5
Ne8 9. c3 dxc3 10. Nxc3 d6 11. Nd5 Nxe5 12. Nxe5 dxe5 13. Rxe5 Bd6 14. Bg5 f6
15. Re6 Bxe6 {White resigns} 0-1

[Event "Team 45 45 League T51"]
[Site "Internet Chess Club"]
[Date "2011.11.13"]
[Round "1"]
[White "chess9793"]
[Black "searchforbobby1"]
[Result "0-1"]
[WhiteElo "2141"]
[BlackElo "2186"]
[Opening "French: Tarrasch, closed variation, main line"]
[ECO "C06"]
[Time "20:36:45"]
[TimeControl "2700+45"]

1. e4 e6 2. d4 d5 3. Nd2 Nf6 4. e5 Nfd7 5. Bd3 c5 6. c3 Nc6 7. Ne2 cxd4 8. cxd4
f6 9. exf6 Nxf6 10. O-O Bd6 11. Nf3 Qc7 12. Bg5 O-O 13. Rc1 Nh5 14. Bb1 g6 15.
Rc3 Bd7 16. a3 Rae8 17. Bh6 Rf6 18. Re1 Qb8 19. Ng3 Ng7 20. Bg5 Rf7 21. Rce3 Bf4
22. Bxf4 Rxf4 23. Ne2 Rf6 24. Ne5 Nxe5 25. dxe5 Rf7 26. Nd4 Ref8 27. f3 Qd8 28.
Qb3 Qh4 29. Rd1 Nh5 30. Qb4 Qg5 31. Qd2 Nf4 32. Bd3 Nxg2 33. Re2 Nf4+ 34. Kh1
Qh4 35. Ree1 Nh3 36. Rf1 Qxd4 37. Bxg6 Qxd2 38. Bxf7+ Rxf7 39. Rxd2 Nf4 40. Rd4
Kf8 41. a4 Ng6 {White resigns} 0-1

[Event "Team 45 45 League T51"]
[Site "Internet Chess Club"]
[Date "2011.11.09"]
[Round "1"]
[White "DARKwizard1"]
[Black "gaibo4ever"]
[Result "1-0"]
[WhiteElo "2095"]
[BlackElo "2118"]
[Opening "Sicilian"]
[ECO "B50"]
[Time "20:00:34"]
[TimeControl "2700+45"]

1. e4 c5 2. Nf3 d6 3. Nc3 g6 4. d4 cxd4 5. Qxd4 Nf6 6. e5 Nc6 7. Bb5 dxe5 8.
Bxc6+ bxc6 9. Qxd8+ Kxd8 10. Nxe5 Ke8 11. Be3 Nd5 12. Bd4 Nb4 13. O-O-O f6 14.
Nc4 Nd5 15. Rhe1 Kf7 16. Na5 e5 17. Nxc6 Bb7 18. Nxd5 exd4 19. Ndb4 a5 20. Rxd4
Bh6+ 21. Kb1 Rhe8 22. Rd7+ Kf8 23. Red1 Bc8 24. Rxh7 Bg7 25. Nd3 g5 26. f3 Bf5
27. Rh5 Bg6 28. Rh3 Re2 29. Rg3 Bxd3 30. cxd3 f5 31. d4 Ra6 32. Rc1 Rb6 33. b3
a4 34. Rc3 axb3 35. axb3 Ra6 36. Nb4 Re1+ 37. Rc1 Rxc1+ 38. Kxc1 Rb6 39. Nd5
Rxb3 40. Kc2 Ra3 41. Rxg5 Bxd4 42. Rxf5+ Ke8 43. Nc7+ Kd7 44. Nb5 Ra2+ 45. Kd3
Bg1 46. h4 Rxg2 47. Rg5 Rxg5 48. hxg5 Ke6 49. Ke4 Bc5 50. f4 Bb4 51. Nd4+ Kf7
52. Kf5 Bd6 53. Nf3 Kg7 54. Kg4 Bb4 55. f5 Bc3 56. Kf4 Kf7 57. Ne5+ Ke7 58. Ke4
Kd6 59. Nf3 Bb2 60. Kf4 Bc3 61. Kg4 Ke7 62. Kh5 Kf7 63. Kh6 Bb2 64. Kh7 Bc3 65.
g6+ Kf8 66. Ng5 Bf6 67. Ne6+ Ke7 68. g7 Bxg7 69. Kxg7 Ke8 70. f6 {Black resigns}
1-0

[Event "Team 45 45 League T51"]
[Site "Internet Chess Club"]
[Date "2011.11.13"]
[Round "1"]
[White "Stryker672"]
[Black "loudoun"]
[Result "1-0"]
[WhiteElo "1936"]
[BlackElo "1604"]
[Opening "Sicilian: Alapin's variation (2.c3)"]
[ECO "B22"]
[Time "14:21:58"]
[TimeControl "2700+45"]

1. e4 c5 2. c3 d5 3. exd5 Qxd5 4. d4 Nf6 5. Nf3 e6 6. Na3 Qd8 7. Nc2 Nc6 8. Be2
cxd4 9. Ncxd4 Nxd4 10. Qxd4 Qxd4 11. Nxd4 Bd7 12. O-O Be7 13. Rd1 O-O 14. Nb3
Ba4 15. Bf3 Rad8 16. Be3 b6 17. Rd4 Rxd4 18. Nxd4 Rc8 19. b3 Bd7 20. c4 e5 21.
Nb5 Bxb5 22. cxb5 e4 23. Be2 Nd5 24. Bd4 Nf4 25. Bf1 Rc2 26. a4 Bb4 27. Rd1 Kf8
28. g3 Ne6 29. Be3 Ke7 30. Bc4 Nc5 31. Bf4 Nxa4 32. Ra1 Nb2 33. Rxa7+ Kf6 34.
Rxf7+ Kg6 35. Rc7 Nd3 36. Bf7+ {Black resigns} 1-0

[Event "Team 45 45 League T51"]
[Site "Internet Chess Club"]
[Date "2011.11.14"]
[Round "1"]
[White "Morovon23"]
[Black "AlexeiD"]
[Result "1/2-1/2"]
[WhiteElo "2311"]
[BlackElo "2142"]
[Opening "QGD: semi-Slav, Noteboom variation"]
[ECO "D11"]
[Time "10:00:13"]
[TimeControl "2700+45"]

1. d4 d5 2. Nf3 c6 3. c4 e6 4. Nc3 dxc4 5. a4 Bb4 6. e3 b5 7. Bd2 Bb7 8. b3 a5
9. bxc4 Bxc3 10. Bxc3 b4 11. Bb2 Nf6 12. Bd3 O-O 13. O-O c5 14. Qe2 Nbd7 15.
Rfd1 Qc7 16. h4 Rac8 17. Ne5 Rfd8 18. Nxd7 Nxd7 19. h5 h6 20. Qg4 Nf6 21. Qh4
Qe7 22. f3 Ba6 23. Rac1 cxd4 24. Bxd4 Rd7 25. Qf4 Nxh5 26. Qe5 Qg5 27. Qxg5 hxg5
28. g4 Nf4 29. exf4 Rxd4 30. Bh7+ Kxh7 31. Rxd4 gxf4 32. Rxf4 b3 33. Rxf7 Rxc4
34. Rb1 Rb4 35. Ra7 Be2 36. Kf2 Bc4 37. Rxa5 b2 38. Ke3 Ba2 39. Rh5+ Kg6 40.
Rhh1 Bxb1 41. Rxb1 Kf6 {Game drawn by mutual agreement} 1/2-1/2

[Event "Team 45 45 League T51"]
[Site "Internet Chess Club"]
[Date "2011.11.13"]
[Round "1"]
[White "Catalog"]
[Black "MikeA"]
[Result "0-1"]
[WhiteElo "2113"]
[BlackElo "2231"]
[Opening "King's Indian: orthodox, Aronin-Taimanov, bayonet attack"]
[ECO "E97"]
[Time "20:09:01"]
[TimeControl "2700+45"]

1. d4 Nf6 2. c4 g6 3. Nc3 Bg7 4. e4 d6 5. Nf3 O-O 6. Be2 e5 7. O-O Nc6 8. d5 Ne7
9. b4 Nh5 10. Re1 a5 11. Ba3 axb4 12. Bxb4 Nf4 13. Bf1 Bg4 14. c5 dxc5 15. Bxc5
Re8 16. a4 c6 17. dxc6 Nxc6 18. Qxd8 Rexd8 19. Nb5 Nd4 20. Nfxd4 exd4 21. f3 Be6
22. Bb6 Rd7 23. g3 d3 24. gxf4 d2 25. Nc7 Bxa1 26. Rxa1 Rxa4 27. Rd1 Bb3 28. Ne8
Bxd1 29. Nf6+ Kg7 30. Nxd7 Bxf3 31. Bd8 h5 32. Bf6+ Kh6 33. Bg5+ Kh7 34. Nf6+
Kh8 {White resigns} 0-1

[Event "Team 45 45 League T51"]
[Site "Internet Chess Club"]
[Date "2011.11.13"]
[Round "1"]
[White "spacecadet"]
[Black "perikitosax"]
[Result "1/2-1/2"]
[WhiteElo "2132"]
[BlackElo "2017"]
[Opening "Vienna game"]
[ECO "C28"]
[Time "14:06:55"]
[TimeControl "2700+45"]

1. e4 Nf6 2. Nc3 e5 3. Bc4 Nc6 4. d3 Na5 5. Qf3 c6 6. Qg3 d6 7. Nge2 g6 8. a3
Nxc4 9. dxc4 Bg7 10. h3 O-O 11. Qd3 Qc7 12. Be3 Rd8 13. O-O-O Be6 14. f4 d5 15.
cxd5 cxd5 16. exd5 Nxd5 17. Nxd5 Rxd5 18. Qc3 Qxc3 19. Nxc3 Rxd1+ 20. Rxd1 exf4
21. Bxf4 Bxc3 {Game drawn by mutual agreement} 1/2-1/2

[Event "Team 45 45 League T51"]
[Site "Internet Chess Club"]
[Date "2011.11.10"]
[Round "1"]
[White "DreamCatcher13"]
[Black "Folgers"]
[Result "0-1"]
[WhiteElo "1914"]
[BlackElo "2174"]
[Opening "KP: Nimzovich defense"]
[ECO "B00"]
[Time "16:00:58"]
[TimeControl "2700+45"]

1. e4 Nc6 2. d4 e5 3. d5 Nce7 4. Nf3 Ng6 5. h4 h5 6. Bg5 Nf6 7. Nc3 Bb4 8. Be2
c6 9. dxc6 bxc6 10. a3 Bxc3+ 11. bxc3 Qa5 12. Bxf6 gxf6 13. O-O Nf4 14. c4 Rg8
15. g3 d5 16. cxd5 cxd5 17. Kh1 Nxe2 18. Qxe2 Ba6 19. Qe1 Qa4 20. Rg1 Qxe4 21.
Qxe4 dxe4 22. Nd2 f5 23. Rab1 Rd8 24. Nb3 Rc8 25. Rb2 Rc3 26. Rd1 e3 27. fxe3
Rxg3 28. Na5 Rgxe3 29. Rd6 Re1+ 30. Kh2 Re2+ 31. Kg1 Rg3+ 32. Kh1 Rxa3 33. Nb3
Bc4 34. Rb1 Rxc2 35. Nc5 Bb5 36. Nb3 Raa2 37. Nd2 Rxd2 38. Rxd2 Bc6+ 39. Rg2
Rxg2 40. Rb8+ Kd7 41. Rb7+ Kd6 {White resigns} 0-1

[Event "Team 45 45 League T51"]
[Site "Internet Chess Club"]
[Date "2011.11.12"]
[Round "1"]
[White "sibirica"]
[Black "Wargasm"]
[Result "0-1"]
[WhiteElo "2283"]
[BlackElo "2222"]
[Opening "Caro-Kann: exchange variation"]
[ECO "B13"]
[Time "11:03:51"]
[TimeControl "2700+45"]

1. e4 c6 2. d4 d5 3. exd5 cxd5 4. Bd3 Nc6 5. c3 Qc7 6. Ne2 Bg4 7. f3 Bd7 8. Bf4
e5 9. dxe5 Nxe5 10. Bc2 Bd6 11. Ba4 O-O-O 12. Bxd7+ Rxd7 13. O-O Ne7 14. Nd4 a6
15. Nd2 Nc4 16. Bxd6 Rxd6 17. Qc1 Rh6 18. g3 Rg6 19. f4 h5 20. Rf3 h4 21. b3
hxg3 22. hxg3 Nd6 23. c4 Kb8 24. Qe1 Ndf5 25. Qf2 Rgh6 26. Nf1 dxc4 27. bxc4
Qxc4 28. Nb3 Qd5 29. Rc1 Rc6 30. Re1 Rc3 31. Nbd2 Nc6 32. Re8+ Rxe8 33. Rxc3
Ncd4 34. Ne3 Qxa2 35. Kg2 Nxe3+ 36. Rxe3 Qd5+ 37. Kg1 Rh8 38. Qg2 Qc5 39. Qf2
Qc1+ 40. Nf1 Nf5 41. Re5 g6 42. Rc5 Qd1 43. Re5 Rc8 44. Re1 Qd3 45. Re5 Qc2 46.
Qb6 Qc6 47. Qb2 Qd6 48. Qe2 Nd4 49. Qe4 Nf5 50. Qe2 Qd4+ 51. Kg2 Qc3 52. Qf2 Qc2
53. Re2 Qc6+ 54. Kg1 Rh8 55. Qg2 Qxg2+ 56. Kxg2 Rc8 57. g4 Nd4 58. Re7 Rc7 59.
Re8+ Ka7 60. Ne3 Ne6 61. Kf3 b5 62. Nd5 Rb7 63. Ke4 a5 64. Rc8 Rb8 65. Rc1 b4
66. f5 gxf5+ 67. gxf5 Nd8 68. Ra1 Nc6 69. f6 b3 70. Ne7 b2 71. Rb1 Nd8 72. Nc8+
Rxc8 73. Rxb2 Ka6 74. Kd5 Nb7 75. Rh2 Rc5+ 76. Ke4 a4 77. Rh7 a3 78. Rh8 Ra5
{White resigns} 0-1

[Event "Team 45 45 League T51"]
[Site "Internet Chess Club"]
[Date "2011.11.14"]
[Round "1"]
[White "lacibacsi"]
[Black "Ptzz"]
[Result "1/2-1/2"]
[WhiteElo "2023"]
[BlackElo "2056"]
[Opening "Caro-Kann: classical variation"]
[ECO "B18"]
[Time "15:00:07"]
[TimeControl "2700+45"]

1. e4 c6 2. d4 d5 3. Nc3 dxe4 4. Nxe4 Bf5 5. Ng3 Bg6 6. N1e2 e6 7. Nf4 Bd6 8. c3
Qc7 9. Ngh5 Kf8 10. Qf3 Qe7 11. Bc4 Nf6 12. O-O Nbd7 13. Re1 Nxh5 14. Nxh5 Bxh2+
15. Kxh2 Qh4+ 16. Qh3 Qxh3+ 17. Kxh3 Bxh5 18. g4 Bg6 19. Bf4 Nb6 20. Bb3 h6 21.
a4 Rd8 22. Bc7 Rd7 23. Bb8 a6 24. Kg3 Kg8 25. Rh1 Nd5 26. Rae1 Nf6 27. f3 Nd5
28. Be5 Rd8 29. Bxd5 Rxd5 30. Bc7 Kf8 31. Re5 Ke7 32. Rhe1 Kd7 33. Rxd5+ cxd5
34. Be5 f6 35. Bf4 Bc2 36. a5 Rc8 37. Bd2 Rc4 38. b4 Rc8 39. Rc1 Bd3 40. Re1 Re8
41. Bf4 Kc6 42. Kf2 Kd7 43. Ke3 Bc4 44. Kd2 Rh8 45. Rh1 Ke7 46. Ke3 Kf7 47. Rh5
Kg6 48. Bg3 Bb3 49. Rh1 Rc8 50. Kd2 Re8 51. Re1 h5 52. gxh5+ Kxh5 53. Bd6 g5 54.
Re3 Ba4 55. Ke1 Bd7 56. Kf2 Kg6 57. Re1 Rh8 58. Kg2 Kf5 59. Kg3 Bb5 60. Kg2 Bc6
61. Kg3 Bd7 62. Kg2 Rc8 63. Re3 Rg8 64. Re1 Rh8 65. Kg3 Kg6 66. Kg2 Kf7 67. Rh1
Rxh1 68. Kxh1 Kg6 69. Kg2 Kf5 70. Kf2 e5 71. dxe5 fxe5 72. Bc5 e4 73. fxe4+ dxe4
74. Kg3 Ke5 75. Bd4+ Kd5 76. Bf6 Kc4 77. Bxg5 Kxc3 78. Be3 Kxb4 79. Bb6 Kc3 80.
Kf2 Kd3 81. Bc5 Bc6 82. Bb6 Bd5 83. Bc5 b5 84. axb6 a5 85. Ke1 a4 86. Kd1 Kc4
87. Be3 Kb3 88. Kc1 a3 89. Kb1 Kc4 90. Ka1 Kd3 91. Bc5 Kc4 92. Be3 Kb5 93. Bd4
Kc4 94. Be3 Kb3 95. Bd4 Bb7 96. Be3 Ba6 97. Bd4 {Game drawn by mutual agreement}
1/2-1/2

[Event "Team 45 45 League T51"]
[Site "Internet Chess Club"]
[Date "2011.11.13"]
[Round "1"]
[White "Merciful"]
[Black "CS-Attila"]
[Result "1-0"]
[WhiteElo "2014"]
[BlackElo "1928"]
[Opening "Sicilian: Canal-Sokolsky attack, Bronstein gambit"]
[ECO "B52"]
[Time "12:02:14"]
[TimeControl "2700+45"]

1. e4 c5 2. Nf3 d6 3. Bb5+ Bd7 4. Bxd7+ Qxd7 5. O-O Nc6 6. c3 Nf6 7. d4 cxd4 8.
cxd4 Nxe4 9. d5 Nb8 10. Re1 Nf6 11. Bg5 Na6 12. Qd4 Rg8 13. Nc3 h6 14. Bxf6 gxf6
15. Ne4 Bg7 16. Qe3 f5 17. Ng3 Bf6 18. Rac1 Nc7 19. Nh5 Rg6 20. Nxf6+ Rxf6 21.
Qd4 Kf8 22. Re3 Na6 23. Rce1 Nc5 24. Nd2 f4 25. Rf3 Qa4 26. b4 Kg8 27. Rxf4 Rxf4
28. Qxf4 Nd7 29. Qxh6 Ne5 30. f4 Nd3 31. Re3 Qd1+ 32. Nf1 Nxf4 33. Qxf4 Qxd5 34.
Rg3+ Kf8 35. Qh6+ Ke8 36. Qh8+ {Black resigns} 1-0

[Event "Team 45 45 League T51"]
[Site "Internet Chess Club"]
[Date "2011.11.14"]
[Round "1"]
[White "LAgenieMP"]
[Black "Tobiasdelmonte"]
[Result "1/2-1/2"]
[WhiteElo "1858"]
[BlackElo "1825"]
[Opening "Alekhine's defense: modern, Larsen variation"]
[ECO "B04"]
[Time "22:30:39"]
[TimeControl "2700+45"]

1. e4 Nf6 2. e5 Nd5 3. d4 d6 4. Nf3 dxe5 5. Nxe5 c6 6. c4 Nb4 7. Be3 Bf5 8. Bd3
Nxd3+ 9. Nxd3 e6 10. O-O Be7 11. Nc3 Bf6 12. Ne2 O-O 13. Ne5 Nd7 14. f4 Nb6 15.
b3 a5 16. Ng3 Bg6 17. Nxg6 hxg6 18. Qd3 a4 19. Ne4 Be7 20. Rab1 Qc7 21. b4 Rfd8
22. Qc3 Nd7 23. Rfd1 Nf6 24. Nxf6+ Bxf6 25. Rd3 b6 26. Rbd1 c5 27. bxc5 bxc5 28.
Qc1 cxd4 29. Bxd4 Bxd4+ 30. Rxd4 Rxd4 31. Rxd4 Qc5 32. Qe3 Qb4 33. Qd2 Qb1+ 34.
Kf2 Qb6 35. Kg3 Re8 36. h3 e5 37. fxe5 Rxe5 38. Rd8+ Kh7 39. Qd4 Qe6 40. Qh4+
Rh5 41. Qf4 Rf5 42. Qh4+ Rh5 43. Qf4 Qe1+ 44. Kh2 Rf5 45. Qg3 Qc1 46. Qh4+ Rh5
47. Qd4 Qc2 48. a3 Qc1 49. Qd3 Qf4+ 50. Kg1 Re5 51. Qf1 Qg3 52. Rd3 Qh4 53. Qxf7
Rf5 54. Qe6 Qf2+ 55. Kh2 Qf4+ 56. Rg3 Rf6 57. Qg4 Qd6 58. Qe4 Re6 59. Qd5 Qe7
60. c5 Re5 61. Qd6 Qxd6 62. cxd6 Rd5 63. Rg4 Rxd6 64. Rxa4 Rd3 65. Ra8 Rb3 66.
a4 Ra3 67. a5 g5 68. Ra6 Kh8 69. Kg1 Ra2 70. Ra8+ Kh7 71. a6 Kg6 72. Kh2 Ra3 73.
g4 Kh7 74. a7 Kg6 75. Kg2 Kh7 76. Kf2 Kg6 77. Ke2 Kh7 78. Kd2 Kg6 79. Kc2 Kh7
80. Kb2 Ra4 81. Kb3 Ra1 82. Kb4 Ra2 83. Kb5 Rb2+ 84. Kc6 Rc2+ 85. Kd5 Ra2 86.
Ke6 Kg6 87. Ke7 Re2+ 88. Kf8 Ra2 89. Kg8 Kh6 90. Kf7 Kh7 91. Ke6 Ra1 92. Kf5
Ra5+ 93. Ke6 {Game drawn by mutual agreement} 1/2-1/2

[Event "Team 45 45 League T51"]
[Site "Internet Chess Club"]
[Date "2011.11.13"]
[Round "1"]
[White "Paulkov"]
[Black "eurander"]
[Result "1/2-1/2"]
[WhiteElo "2241"]
[BlackElo "2170"]
[Opening "Caro-Kann: classical variation"]
[ECO "B18"]
[Time "15:01:32"]
[TimeControl "2700+45"]

1. e4 c6 2. d4 d5 3. Nc3 dxe4 4. Nxe4 Bf5 5. Ng3 Bg6 6. Nf3 Nd7 7. Bc4 e6 8. O-O
Ngf6 9. Qe2 Be7 10. Re1 O-O 11. Bb3 Qc7 12. Nh4 Rad8 13. Nxg6 hxg6 14. c3 Nb6
15. Qf3 Nbd5 16. Bg5 Rd7 17. Rad1 Rfd8 18. Ne4 Nxe4 19. Bxe7 Nxe7 20. Qxe4 Nf5
21. Qe5 Qxe5 22. Rxe5 Kf8 23. g3 Ke7 24. Kg2 Kf6 25. Rde1 Ne7 26. f4 Nd5 27. Kf3
Rc8 28. R1e2 Rd6 29. a3 Rd7 30. h4 Rh8 31. Re1 {Game drawn by mutual agreement}
1/2-1/2

[Event "Team 45 45 League T51"]
[Site "Internet Chess Club"]
[Date "2011.11.20"]
[Round "1"]
[White "vnchess"]
[Black "MaartenKoning"]
[Result "1/2-1/2"]
[WhiteElo "2110"]
[BlackElo "2227"]
[Opening "Réti opening"]
[ECO "A05"]
[Time "14:03:23"]
[TimeControl "2700+45"]

1. Nf3 Nf6 2. g3 b6 3. Bg2 Bb7 4. O-O c5 5. d3 e6 6. Nc3 Be7 7. e4 d6 8. e5 dxe5
9. Nxe5 Bxg2 10. Kxg2 O-O 11. f4 Nd5 12. Bd2 Bf6 13. Qf3 Bxe5 14. fxe5 Nc6 15.
Rae1 Nd4 16. Qd1 Nb4 17. a3 Nbxc2 18. Re4 f5 19. Rh4 g6 20. Rf2 Qc7 {Game drawn
by mutual agreement} 1/2-1/2

[Event "Team 45 45 League T51"]
[Site "Internet Chess Club"]
[Date "2011.11.22"]
[Round "1"]
[White "universe"]
[Black "SlimeDog2"]
[Result "0-1"]
[WhiteElo "2082"]
[BlackElo "2072"]
[Opening "Petrov: Kaufmann attack"]
[ECO "C42"]
[Time "20:03:15"]
[TimeControl "2700+45"]

1. e4 e5 2. Nf3 Nf6 3. Nxe5 d6 4. Nf3 Nxe4 5. c4 c6 6. d4 d5 7. Nc3 Bd6 8. Bd3
O-O 9. O-O Nxc3 10. bxc3 Bg4 11. cxd5 cxd5 12. Be2 Nd7 13. Qc2 Bh5 14. Ng5 Bg6
15. Bd3 Rc8 16. Nxh7 Qh4 17. g3 Qxh7 18. Bxg6 Qxg6 19. Qb3 Nb6 20. a4 Qd3 {White
resigns} 0-1

[Event "Team 45 45 League T51"]
[Site "Internet Chess Club"]
[Date "2011.11.20"]
[Round "1"]
[White "chiiwen"]
[Black "Jack-ONeill"]
[Result "0-1"]
[WhiteElo "2204"]
[BlackElo "2041"]
[Opening "Réti opening"]
[ECO "A05"]
[Time "12:01:07"]
[TimeControl "2700+45"]

1. Nf3 Nf6 2. g3 d5 3. Bg2 Bf5 4. O-O c6 5. d3 e6 6. Nbd2 h6 7. c4 Be7 8. Re1
O-O 9. Qb3 Qc8 10. e4 dxe4 11. dxe4 Bh7 12. Qc3 Na6 13. a3 Nc5 14. Ne5 a5 15. b3
Nfd7 16. Ng4 Rd8 17. Bb2 Nf6 18. Ne5 Rxd2 19. Qxd2 Nxb3 20. Qc3 Nxa1 21. Bxa1
Qd8 22. c5 a4 23. f3 Qa5 24. Nd3 Qxc3 25. Bxc3 Rd8 26. Bf1 Nd7 27. Bb4 Bf6 28.
Kg2 Ne5 29. Nf2 Bg6 30. Be2 Be7 31. Rc1 f5 32. f4 Ng4 33. Nxg4 fxg4 34. Rc4 h5
35. Ba5 Rd7 36. Kf2 e5 37. Bb6 Rd4 38. Rxd4 exd4 39. Bd1 Bxe4 40. Bxa4 Bf6 41.
Bb3+ Kf8 42. Bc4 g5 43. fxg5 Bxg5 44. Ke2 Be3 45. Bd8 Bg1 46. Kf1 Bxh2 47. Kf2
Kg7 48. Bh4 Kg6 49. a4 Kf5 50. a5 Ke5 51. Bf7 d3 52. Bxh5 Bf3 53. Ke3 Be2 54.
Bg6 Bg1+ 55. Kd2 Kd4 56. Bf6+ Kc4 57. Bf5 Bxc5 58. Be6+ Kb5 59. Bc8 Ka6 60. Bc3
Bd6 61. Be6 Bxg3 62. Bc4+ Ka7 63. Bd4+ Kb8 64. a6 Bf4+ 65. Kc3 b5 66. Bxd3 Bxd3
67. Kxd3 Ka8 68. Bc5 Bb8 69. Ke4 Ba7 {White resigns} 0-1

[Event "Team 45 45 League T51"]
[Site "Internet Chess Club"]
[Date "2011.11.19"]
[Round "1"]
[White "pmcglothin"]
[Black "Kolibri"]
[Result "1/2-1/2"]
[WhiteElo "1947"]
[BlackElo "2024"]
[Opening "Sicilian: closed"]
[ECO "B24"]
[Time "11:00:22"]
[TimeControl "2700+45"]

1. e4 c5 2. Nc3 Nc6 3. g3 e6 4. Bg2 Nge7 5. Nge2 Nd4 6. O-O Nec6 7. f4 d6 8. d3
Be7 9. Be3 Bf6 10. Qd2 O-O 11. Nd1 a6 12. c3 Nxe2+ 13. Qxe2 g6 14. Nf2 Bg7 15.
Qd2 e5 16. fxe5 Nxe5 17. Nh3 Ng4 18. Bg5 Qb6 19. Nf2 Nxf2 20. Rxf2 Be6 21. Bf6
Bxf6 22. Rxf6 Kg7 23. Rf2 Rae8 24. h3 Qd8 25. d4 Qc8 26. Kh2 Qd8 27. d5 Bd7 28.
c4 Re5 29. b4 Qc7 30. Rc1 Rb8 31. Qc3 b6 32. Rcf1 Be8 33. a3 a5 34. b5 Qd8 35.
Qd2 Qe7 36. Qf4 Rb7 37. Qf6+ Qxf6 38. Rxf6 Rd7 39. h4 Rd8 {Game drawn by mutual
agreement} 1/2-1/2

[Event "Team 45 45 League T51"]
[Site "Internet Chess Club"]
[Date "2011.11.12"]
[Round "1"]
[White "powerchess1"]
[Black "JWB"]
[Result "0-1"]
[WhiteElo "1594"]
[BlackElo "1643"]
[Opening "Benko's opening"]
[ECO "E62"]
[Time "08:30:31"]
[TimeControl "2700+45"]

1. g3 g6 2. Bg2 Bg7 3. d4 Nf6 4. c4 O-O 5. Nc3 d6 6. Nf3 c6 7. O-O Qc7 8. d5
Nbd7 9. e4 Nc5 10. Re1 Bg4 11. Rb1 a5 12. h3 Bxf3 13. Bxf3 Nfd7 14. Na4 Ne5 15.
Nxc5 dxc5 16. Be2 f5 17. exf5 Rxf5 18. Kg2 Raf8 19. Be3 b6 20. Rf1 Kh8 21. f4
Nd7 22. Bg4 R5f6 23. Be6 cxd5 24. cxd5 Rd8 25. Bd2 Nf8 26. Qe1 Nxe6 27. dxe6
Qc6+ 28. Kg1 Rxe6 29. Qf2 Bd4 30. Bc3 Red6 31. Rbc1 Bxc3 32. bxc3 Rd2 33. Qf3
Qxf3 34. Rxf3 Rxa2 35. Re3 Rd7 36. c4 Kg8 37. g4 Kf8 38. f5 gxf5 39. gxf5 Rdd2
40. Rce1 Rd7 41. Re6 Rc2 42. Rxb6 Rxc4 43. Ra6 a4 44. f6 Kf7 45. fxe7 Rxe7 46.
Rf1+ Kg7 47. Raf6 Rce4 48. R6f5 Re1 49. Rxc5 Rxf1+ 50. Kxf1 Ra7 51. Rc2 a3 52.
Ra2 Kg6 53. Kg2 Kf5 54. Kf3 Ra4 55. Kg3 Ke4 56. Kg4 Kd3+ 57. Kh5 Kc3 58. Kh6 Kb3
59. Rg2 Ra7 60. Rg3+ Kc4 61. Rg4+ Kd3 62. Rg3+ Ke4 63. Rg1 a2 64. Ra1 Kd3 65. h4
Kc2 66. h5 Kb2 67. Rg1 a1=Q 68. Rg2+ Kc3 69. Rg3+ Kd4 70. Rg4+ Ke5 71. Rg5+ Kf4
72. Rf5+ Kg3 73. Rg5+ Kh3 74. Rg1 Qf6+ {White resigns} 0-1

[Event "Team 45 45 League T51"]
[Site "Internet Chess Club"]
[Date "2011.11.14"]
[Round "1"]
[White "rayngrant"]
[Black "Neoman"]
[Result "0-1"]
[WhiteElo "1561"]
[BlackElo "1620"]
[Opening "Two knights defense"]
[ECO "C58"]
[Time "20:02:55"]
[TimeControl "2700+45"]

1. e4 e5 2. Nf3 Nc6 3. Bc4 Nf6 4. Ng5 d5 5. exd5 Na5 6. Bb5+ Bd7 7. Qe2 Bd6 8.
Nc3 h6 9. Nf3 O-O 10. O-O c6 11. dxc6 bxc6 12. Ba4 Re8 13. Ne4 Nxe4 14. Qxe4 f5
15. Qe2 e4 16. Nd4 Qf6 17. Bxc6 Nxc6 18. Nxc6 Bxc6 19. Qc4+ Kh8 20. Qxc6 Bxh2+
{White resigns} 0-1